 Dungeon Crawl Stone Soup version 0.30-a0-782-ge64f9170bb (console) character file.

Game seed: 15291207933723663950

115 rlgrobin the Magician (level 5, -2/31 HPs)
             Began as an Octopode Hedge Wizard on Feb 20, 2023.
             Killed by divine providence
             ... invoked by an orc priest
              (12 damage)
             ... on level 3 of the Dungeon.
             The game lasted 00:03:47 (2236 turns).

rlgrobin the Magician (Octopode Hedge Wizard)       Turns: 2236, Time: 00:03:48

Health: -2/31      AC:  1    Str: 10    XL:     5   Next: 0%
Magic:  8/11       EV: 13    Int: 18    God:
Gold:   46         SH:  5    Dex: 11    Spells: 4/12 levels left

rFire   . . .      SeeInvis .    a - +0 dagger
rCold   . . .      Faith    .    (no shield)
rNeg    . . .      Spirit   .    b - +0 hat
rPois   .          Reflect  +    m - amulet of reflection
rElec   .          Harm     .    (no ring)
rCorr   .          Rampage  .    (no ring)
Will    .....                    (no ring)
Stlth   +++                      (no ring)
HPRegen 0.25/turn                (no ring)
MPRegen 0.12/turn                (no ring)
                                 (no ring)
                                 (no ring)

@: lethally poisoned (-2 -> -3)
A: almost no armour, amphibious, 8 rings, camouflage 1, gelatinous body 1,
(nimble swimmer 1), tentacles
a: no special abilities


You were on level 3 of the Dungeon.
You visited 1 branch of the dungeon, and saw 3 of its levels.

You collected 46 gold pieces.

Inventory:

Hand Weapons
 a - a +0 dagger (weapon)
Armour
 b - a +0 hat (worn)
Jewellery
 m - an amulet of reflection (around mantle)
Scrolls
 e - a scroll of vulnerability {unknown}
 h - 2 scrolls of identify {unknown}
 i - a scroll of silence {unknown}
 k - 3 scrolls of teleportation {unknown}
 l - a scroll of immolation {unknown}
 n - a scroll of enchant armour {unknown}
Potions
 c - a potion of magic
 f - a potion of lignification {unknown}
 g - a potion of attraction {unknown}
 j - a potion of degeneration {unknown}


   Skills:
 - Level 2.0 Dodging
 - Level 2.6 Stealth
 + Level 4.2 Spellcasting
 + Level 3.2 Conjurations
 - Level 1.0 Summonings
 - Level 1.0 Translocations


You had 4 spell levels left.
You knew the following spells:

 Your Spells              Type           Power      Damage    Failure   Level
a - Magic Dart            Conj           60%        1d6       3%          1
b - Call Imp              Summ           7%         N/A       14%         2
c - Blink                 Tloc           14%        N/A       14%         2
d - Mephitic Cloud        Conj/Pois/Air  7%         N/A       28%         3

Your spell library contained the following spells:

 Spells                   Type           Power      Damage    Failure   Level
 Slow                     Hex            12%        N/A       14%         1
 Cigotuvi's Dreadful Rot  Necr/Pois/Air  6%         N/A       22%         2
 Sublimation of Blood     Necr           3%         N/A       22%         2
 Petrify                  Tmut/Erth      3%         N/A       82%         4
 Irradiate                Conj/Tmut      4%         3d13      90%         5


Dungeon Overview and Level Annotations

Branches:
Dungeon (3/15)

Altars:


Innate Abilities, Weirdness & Mutations

You cannot wear most types of armour.
You are amphibious.
You can wear up to eight rings at the same time.
Your skin changes colour to match your surroundings (Stealth+).
Your rubbery body absorbs attacks. (AC +1, EV +1)
((You are camouflaged when in or above water. (Stealth+)))
You have tentacles for arms and can constrict up to eight enemies at once.


Message History

The adder poisons you! The adder bites you but does no damage.
The orc hits you with a +0 dagger.
Your crimson imp hits the orc but does no damage.
The orc priest mumbles some strange prayers to Beogh against you.
Pain shoots through your body!
* * * LOW HITPOINT WARNING * * *
It was a potion of heal wounds.
You feel much better.
You constrict the orc, but do no damage.
You feel sick. The adder misses you.
The orc completely misses your crimson imp.
Your crimson imp hits the orc but does no damage.
The orc priest hits you with a +0 hand axe!
The orc priest barely misses your crimson imp.
You hit the orc priest. Your grab misses the orc priest.
The orc priest is lightly wounded.
You constrict the orc, but do no damage.
You feel sick. The adder barely misses you. You block the orc priest's attack.
The orc priest barely misses your crimson imp.
The orc hits your crimson imp with a +0 dagger.
Your crimson imp hits the orc but does no damage.
You hit the orc priest but do no damage.
Your grab misses the orc priest.
The orc priest is lightly wounded.
You constrict the orc.
You feel sick. The adder bites you. You block the adder's attack.
The orc closely misses your crimson imp.
The orc priest calls upon Beogh to heal the orc.
The orc is healed somewhat.
Your crimson imp blinks!
Press: ? - help, v - describe, . - travel
Here: an orc priest, wielding a +0 hand axe (lightly wounded)
The floor.
You barely miss the orc priest. You grab the orc priest.
The orc priest is lightly wounded.
You constrict the orc, but do no damage.
You constrict the orc priest.
You feel sick. You block the adder's attack. The orc misses you.
The orc priest calls down the wrath of Beogh upon you.
Beogh smites you!
You die...

#..#........###..
#####.######.###....#
#.........<......###
#............#####
####..........5##
##..............########
#..............#....[...
................§o......
.......<....)...@oo.....
................†S......
........................
......♣....###.........#
#....♣P....# #...>....##
......♣_P.## ##.......#
....♣.♣.P.# ##...$..#
......PP..# ######..
......♣...# #


You could see an orc priest, an adder, 2 orcs and a friendly crimson imp
(summoned).

Vanquished Creatures
  6 adders
  A worm (D:2)
  2 dart slugs (D:1)
  4 orcs
  3 ball pythons
  4 endoplasms
  3 giant cockroaches (D:1)
  4 goblins
  2 hobgoblins (D:1)
  3 kobolds
  5 quokkas
  3 bats
  3 frilled lizards
  A rat (D:1)
44 creatures vanquished.

Vanquished Creatures (collateral kills)
  A worm (D:2)
  A bat (D:2)
  A kobold (D:2)
3 creatures vanquished.

Grand Total: 47 creatures vanquished

Notes
Turn   | Place    | Note
-------+----------+-------------------------------------------
     0 | D:1      | rlgrobin the Octopode Hedge Wizard began the quest for the
                  | Orb.
     0 | D:1      | Reached XP level 1. HP: 11/11 MP: 4/4
   134 | D:1      | Reached XP level 2. HP: 11/17 MP: 1/6
   693 | D:1      | Learned a level 2 spell: Call Imp
   717 | D:1      | Reached XP level 3. HP: 16/21 MP: 7/7
  1084 | D:2      | Reached XP level 4. HP: 25/27 MP: 9/9
  1454 | D:2      | Reached skill level 4 in Spellcasting
  1634 | D:2      | Learned a level 2 spell: Blink
  1638 | D:2      | Learned a level 3 spell: Mephitic Cloud
  2176 | D:3      | Found a faded altar of an unknown god.
  2229 | D:3      | Reached XP level 5. HP: 28/31 MP: 7/11
  2236 | D:3      | Killed from afar by an orc priest

Illustrated notes

Levels and vault maps discovered:
D:1:      lightli_arrival_flooded_house, layout_loops_ring
D:2:      layout_basic
D:3:      layout_rooms, ebering_ecumenical_altar_petrified,
          minmay_misc_feat_rows, minmay_box_of_dots, uniq_ijyb

Skill      XL: |  1  2  3  4 |
---------------+-------------+-----
Conjurations   | 2 3 |  3.2
Spellcasting   | 4 |  4.2
Dodging        | |  2.0
Stealth        | |  2.6
Summonings     | |  1.0
Translocations | |  1.0

Action                     |  1- 3 |  4- 6 || total
---------------------------+-------+-------++-------
  Melee: Dagger            |    59 |    39 ||    98
         Constrict         |    15 |     8 ||    23
         Tentacles         |    15 |     9 ||    24
         Punch             |     1 |       ||     1
   Cast: Magic Dart        |    14 |    13 ||    27
         Call Imp          |     3 |     4 ||     7
    Use: Potion            |       |     1 ||     1
   Stab: Sleeping          |     6 |     1 ||     7
 Armour: Skin              |     3 |     5 ||     8
  Dodge: Dodged            |    24 |    20 ||    44
  Block: Other             |       |     9 ||     9

Table legend: (Time is in decaauts)
 A = Elapsed time spent in this place.
 B = Non-inter-level travel time spent in this place.
 C = Inter-level travel time spent in this place.
 D = Time resting spent in this place.
 E = Time spent auto-exploring this place.
 F = Levels seen in this place.
 G = Mean time per level.
                   A        B        C        D        E       F      G
               +--------+--------+--------+--------+--------+-----+--------+
         Total |   2235 |   2149 |     86 |    443 |   1331 |   3 |  745.0 |
       Dungeon |   2235 |   2149 |     86 |    443 |   1331 |   3 |  745.0 |
               +--------+--------+--------+--------+--------+-----+--------+

Top non-repeatable levels by time:
     D:2: 1249 daAuts
     D:1: 840 daAuts
     D:3: 145 daAuts
